 Dungeon Crawl Stone Soup version 0.29.1-4-g47bece8355 (webtiles) character file.

Game seed: 8218896913710648521

3896 specQQ the Protected (level 10, -11/132 HPs)
             Began as a Minotaur Berserker on Dec 4, 2022.
             Was an Elder of Trog.
             Mangled by a two-headed ogre
             ... wielding a +0 giant club
              (23 damage)
             ... on level 8 of the Dungeon.
             The game lasted 01:54:02 (8598 turns).

specQQ the Protected (Minotaur Berserker)           Turns: 8598, Time: 01:54:03

Health: -11/132    AC: 16    Str: 27    XL:     10   Next: 0%
Magic:  9/9        EV:  9    Int:  4    God:    Trog [****..]
Gold:   434        SH:  0    Dex:  9    Spells: 9/9 levels left

rFire   . . .      SeeInvis .   S - +1 hand axe (vamp)
rCold   . . .      Faith    +   (no shield)
rNeg    . . .      Spirit   .   X - +0 plate armour
rPois   +          Reflect  .   (helmet restricted)
rElec   .          Harm     .   n - +0 cloak
rCorr   .          Rampage  .   (no gloves)
Will    .....                   (no boots)
Stlth   ..........              H - amulet of faith
HPRegen 0.32/turn               M - ring of poison resistance
MPRegen 0.11/turn               (no ring)

@: berserking, very quick
A: horns 2, retaliatory headbutt
a: Renounce Religion, Berserk, Trog's Hand, Brothers in Arms


You were on level 8 of the Dungeon.
You worshipped Trog.
Trog was greatly pleased with you.
You visited 2 branches of the dungeon, and saw 9 of its levels.

You collected 434 gold pieces.

Inventory:

Hand Weapons
 d - a +3 scimitar of flaming
 s - a +2 dagger of venom
 w - a +1 short sword of speed
 y - a +0 sling
 C - a +0 scythe
 K - a +1 dagger of protection
 S - a +1 vampiric hand axe (weapon)
Missiles
 q - 26 stones
Armour
 h - a +0 chain mail
 n - a +0 cloak (worn)
 D - a +2 robe of fire resistance
 X - a +0 plate armour (worn)
Magical Staves
 a - a staff of poison
Jewellery
 j - an amulet of the acrobat
 H - an amulet of faith (around neck)
 M - a ring of poison resistance (left hand)
Wands
 b - a wand of polymorph (5)
 B - a wand of flame (11)
 I - a wand of charming (9)
 Q - a wand of light (3) (quivered)
Scrolls
 c - a scroll of enchant armour {unknown}
 g - a scroll of blinking {unknown}
 i - 3 scrolls of amnesia
 o - a scroll of immolation
 E - a scroll of fear {unknown}
 F - 2 scrolls of teleportation
 L - a scroll of fog
 P - a scroll of vulnerability {unknown}
 U - a scroll of brand weapon {unknown}
 W - a scroll of torment {unknown}
 Y - 2 scrolls of magic mapping {unknown}
 Z - a scroll of identify
Potions
 e - 3 potions of might
 f - a potion of haste
 m - 2 potions of attraction
 u - a potion of cancellation
 z - 2 potions of degeneration


   Skills:
 * Level 8.2 Fighting
 * Level 10.7 Axes
 + Level 0.8 Throwing
 * Level 10.7 Armour
 * Level 5.3 Dodging
 + Level 0.2 Stealth
 + Level 0.6 Evocations


You had 9 spell levels left.
You didn't know any spells.
Your spell library contained the following spells:

 Spells                   Type           Power      Damage    Failure   Level
 Magic Dart               Conj           0%         1d3       99%         1
 Summon Small Mammal      Summ           0%         N/A       99%         1
 Searing Ray              Conj           0%         2d4       100%        2
 Call Canine Familiar     Summ           0%         N/A       100%        3
 Conjure Flame            Conj/Fire      0%         6-21      100%        3
 Ignite Poison            Fire/Tmut/Pois 0%         N/A       100%        3
 Summon Guardian Golem    Hex/Summ       0%         N/A       100%        3
 Fulminant Prism          Conj/Hex       0%         3d6       100%        4
 Sticky Flame             Conj/Fire      0%         2d3       100%        4


Dungeon Overview and Level Annotations

Branches:
Dungeon (8/15)             Temple (1/1) D:5
   Lair: D:8-11

Altars:
Cheibriados
Dithmenos
Elyvilon
Gozag
Makhleb
Qazlal
Ru
Trog
Wu Jian
Zin
The Shining One

Portals:
Abyss: D:5

Annotations:
D:5 2 transporters, GeoRichter's ghost, novice VSBr
D:8 1 transporter, Sikaos's ghost, novice HuIE


Innate Abilities, Weirdness & Mutations

You have a pair of horns on your head.
You reflexively headbutt those who attack you in melee.


Message History

You are too injured to fight recklessly!
You hit the two-headed ogre.
Your headbutt misses the two-headed ogre.
The two-headed ogre is heavily wounded.
You hit the two-headed ogre.
You feel better.
Your headbutt misses the two-headed ogre.
The two-headed ogre is severely wounded.
The two-headed ogre hits you with a +0 giant club!
The two-headed ogre hits you with a +0 giant spiked club.
You slash the two-headed ogre!
You feel better.
The two-headed ogre is severely wounded.
You hit the two-headed ogre.
You feel better.
The two-headed ogre is almost dead.
The two-headed ogre hits you with a +0 giant club!!
The two-headed ogre hits you but does no damage.
You barely miss the two-headed ogre.
The two-headed ogre is almost dead.
You hit the two-headed ogre.
You feel better.
The two-headed ogre is almost dead.
The two-headed ogre hits you with a +0 giant club!
The two-headed ogre hits you with a +0 giant spiked club!
* * * LOW HITPOINT WARNING * * *
You feel much better. The two-headed ogre closely misses you.
You furiously retaliate!
You headbutt the two-headed ogre. The two-headed ogre barely misses you.
You hit the two-headed ogre.
The two-headed ogre is almost dead.
You barely miss the two-headed ogre.
The two-headed ogre is almost dead.
The two-headed ogre hits you with a +0 giant club!!
* * * LOW HITPOINT WARNING * * *
The two-headed ogre hits you with a +0 giant spiked club!
* * * LOW HITPOINT WARNING * * *
A red film seems to cover your vision as you go berserk!
You feel yourself moving faster!
You feel mighty!
You barely miss the two-headed ogre.
Your headbutt misses the two-headed ogre.
The two-headed ogre is almost dead.
The two-headed ogre hits you with a +0 giant club!!
You die...

#..~≈≈~~....#
..~≈~~~....#
..~~~......#
...........#
...........#
#####.....#
#.....#
#.....#
#@##### #O#
#y. ...# ...#
....# ....#
.....#


You could see a two-headed ogre and a killer bee.

Vanquished Creatures
  Erica (D:8)
  An unseen horror (D:7)
  Grinder (D:3)
  Sigmund (D:2)
  A steam dragon (D:7)
  2 water moccasins
  An orc warrior (D:8)
  An ice beast (D:7)
  A sky beast (D:6)
  3 black bears
  3 centaurs
  2 ogres
  A kobold brigand (D:8)
  A bullfrog (D:8)
  A necrophage (D:4)
  3 scorpions
  4 killer bees (D:8)
  A hound (D:7)
  A jelly (D:3)
  3 orc priests
  5 iguanas
  Ijyb (D:4)
  10 orc wizards
  Natasha (thrice) (D:2)
  7 gnolls
  5 adders
  2 shadow imps (D:8)
  2 white imps
  3 worms
  2 dart slugs
  21 orcs
  6 ball pythons
  4 endoplasms
  6 giant cockroaches
  2 goblins (D:1)
  6 hobgoblins
  2 jackals (D:4)
  3 quokkas
  7 bats
  2 frilled lizards
  10 kobolds
  5 rats
147 creatures vanquished.

Vanquished Creatures (others)
  A demonic plant (D:8)
1 creature vanquished.

Grand Total: 148 creatures vanquished

Notes
Turn   | Place    | Note
-------+----------+-------------------------------------------
     0 | D:1      | specQQ the Minotaur Berserker began the quest for the Orb.
     0 | D:1      | Reached XP level 1. HP: 19/19 MP: 0/0
   224 | D:1      | Reached XP level 2. HP: 14/27 MP: 1/1
  1025 | D:1      | Reached XP level 3. HP: 15/33 MP: 2/2
  1360 | D:2      | Reached ** piety under Trog
  1408 | D:2      | Reached XP level 4. HP: 37/41 MP: 3/3
  1414 | D:2      | Noticed Natasha
  1423 | D:2      | Killed Natasha
  1694 | D:2      | Noticed Natasha
  1707 | D:2      | Killed Natasha
  1708 | D:2      | Reached skill level 5 in Axes
  1719 | D:2      | Noticed Natasha
  1866 | D:2      | Killed Natasha
  1867 | D:2      | Reached XP level 5. HP: 39/47 MP: 4/4
  1938 | D:2      | Noticed Sigmund
  1957 | D:2      | Killed Sigmund
  1958 | D:2      | Reached XP level 6. HP: 55/55 MP: 5/5
  2481 | D:3      | Noticed Grinder
  2490 | D:3      | Reached skill level 5 in Fighting
  2497 | D:3      | Killed Grinder
  2498 | D:3      | Reached skill level 5 in Armour
  2498 | D:3      | Reached XP level 7. HP: 61/61 MP: 6/6
  2816 | D:3      | Found a faded altar of an unknown god.
  3489 | D:4      | Noticed Ijyb
  3543 | D:4      | Killed Ijyb
  4545 | D:5      | Entered Level 5 of the Dungeon
  4917 | D:5      | Reached XP level 8. HP: 65/70 MP: 7/7
  5081 | D:5      | Reached *** piety under Trog
  5194 | D:5      | Found a staircase to the Ecumenical Temple.
  5223 | Temple   | Entered the Ecumenical Temple
  5279 | D:5      | Found a transporter.
  5362 | D:5      | Noticed GeoRichter's ghost (novice VSBr)
  5363 | D:5      | Found a one-way gate to the infinite horrors of the Abyss.
  5403 | D:5      | Found a transporter.
  5871 | D:6      | Found a glowing silver altar of Zin.
  6047 | D:6      | Found a stormy altar of Qazlal.
  6210 | D:7      | Reached XP level 9. HP: 76/78 MP: 8/8
  6862 | D:7      | Reached **** piety under Trog
  7661 | D:7      | Killed an unseen horror
  7805 | D:7      | Reached skill level 10 in Axes
  8093 | D:8      | Found a transporter.
  8095 | D:8      | Noticed Sikaos's ghost (novice HuIE)
  8111 | D:8      | Reached skill level 5 in Dodging
  8155 | D:8      | Reached skill level 10 in Armour
  8191 | D:8      | Noticed Erica
  8212 | D:8      | Killed Erica
  8573 | D:8      | Noticed a two-headed ogre
  8584 | D:8      | Reached XP level 10. HP: 82/88 MP: 9/9
  8598 | D:8      | Mangled by a two-headed ogre

Illustrated notes

Levels and vault maps discovered:
D:1:      kennysheep_arrival_forest, layout_rooms
D:2:      layout_loops_cross, uniq_sigmund, uniq_natasha
D:3:      layout_basic, basic_ecumenical_altar, serial_forest,
          infiniplex_forest_clump_small, infiniplex_forest_lined_room_2,
          infiniplex_forest_clump_small, infiniplex_forest_clump_small,
          infiniplex_forest_end_2, infiniplex_forest_lined_3,
          infiniplex_forest_lined_2, infiniplex_forest_lined_2, uniq_grinder
D:4:      layout_gridville, uniq_ijyb
D:5:      layout_layer_cave, minmay_temple_entry_statues_fountains,
          gammafunk_ghost_abyssal_escape, chequers_mini_garden
D:6:      layout_rooms, mainiacjoe_overflow_24_doors, overflow_temple_1_default
D:7:      layout_loops_ring
D:8:      layout_basic, serial_demonic, serial_demonic_f, serial_demonic_a,
          serial_demonic_a, serial_demonic_f, serial_demonic_c,
          serial_demonic_b, gammafunk_ghost_stat_death, uniq_erica
Temple:   nicolae_temple_bog_church

Skill      XL: |  1  2  3  4  5  6  7  8  9 |
---------------+----------------------------+-----
Fighting       | 4 5 6 8 |  8.2
Axes           | 4 5 6 7 9 10 | 10.7
Armour         | 3 4 5 6 8 10 | 10.7
Dodging        | 3 4 5 |  5.3
Throwing       | |  0.8
Stealth        | |  0.2
Evocations     | |  0.6

Action                   |  1- 3 |  4- 6 |  7- 9 | 10-12 || total
-------------------------+-------+-------+-------+-------++-------
Melee: Hand axe          |    84 |    64 |   395 |    13 ||   556
       Headbutt          |    11 |    13 |    48 |       ||    72
       Punch             |     1 |       |     4 |       ||     5
Throw: Stone             |       |       |     1 |       ||     1
Invok: Berserk           |     1 |     2 |     4 |     1 ||     8
Evoke: Wand              |       |       |     5 |       ||     5
  Use: Scroll            |     5 |     2 |     3 |       ||    10
       Potion            |       |       |    10 |     1 ||    11
Armor: Animal skin       |    11 |       |       |       ||    11
       Chain mail        |    29 |    20 |   123 |       ||   172
       Plate armour      |       |       |   185 |     1 ||   186
Dodge: Dodged            |    49 |    19 |   131 |     4 ||   203
